 Dungeon Crawl Stone Soup version 0.27-a0-836-gfc908b8576 (webtiles) character file.

Game seed: 17842787168559881188

108 Aviak the Ducker (level 4, -6/34 HPs)
             Began as a Djinni Fire Elementalist on Mar 31, 2021.
             Engulfed by a cloud of flame (11 damage)
             ... on level 3 of the Dungeon.
             The game lasted 00:03:30 (3275 turns).

Aviak the Ducker (Djinni Fire Elementalist)         Turns: 3275, Time: 00:03:31

Health: -6/34      AC:  2    Str:  7    XL:     4   Next: 87%
Gold:   151        EV: 13    Int: 18    God:
                   SH:  0    Dex: 13

rFire    + + .     SeeInvis .   l - +5 club (freeze)
rCold    x . .     Faith    .   (no shield)
rNeg     . . .     Spirit   .   a - +0 robe
rPois    ∞         Reflect  .   (no helmet)
rElec    .         Harm     .   (no cloak)
rCorr    .         Rampage  .   (no gloves)
Will     .....                  (boots unavailable)
Stlth    ++........             (no amulet)
HPRegen  0.11/turn              (no ring)
MPRegen  0.00/turn              (no ring)

@: flying
A: fire resistance 2, cold vulnerability 1, float, innate caster, hp casting,
extra vitality 1
a: no special abilities


You were on level 3 of the Dungeon.
You visited 1 branch of the dungeon, and saw 3 of its levels.

You collected 151 gold pieces.

Inventory:

Hand Weapons
 g - a +1 dagger of protection
 j - a +0 short sword of flaming
 l - a +5 club of freezing (weapon)
Armour
 a - a +0 robe (worn)
Scrolls
 d - 2 scrolls of blinking {unknown}
 f - 5 scrolls of silence {unknown}
 i - a scroll of amnesia {unknown}
 m - a scroll of immolation {unknown}
 n - 2 scrolls of fog {unknown}
Potions
 b - a potion of brilliance {unknown}
 c - 2 potions of might {unknown}
 e - a potion of mutation {unknown}
 h - a potion of attraction {unknown}
 k - a potion of berserk rage {unknown}


   Skills:
 + Level 2.3 Fighting
 + Level 3.5 Dodging
 - Level 1.5 Stealth
 + Level 3.4 Spellcasting


You couldn't memorise any spells.
You knew the following spells:

 Your Spells              Type           Power      Damage    Failure   Level
a - Foxfire               Conj/Fire      60%        2x1d7     3%          1
b - Conjure Flame         Conj/Fire      15%        6-21      12%         3
c - Inner Flame           Hex/Fire       15%        N/A       12%         3
d - Sticky Flame          Conj/Fire      15%        2d4       36%         4
e - Fireball              Conj/Fire      7%         3d5       71%         5
f - Freeze                Ice            60%        1d8       3%          1
Your spell library was empty.

Dungeon Overview and Level Annotations

Branches:
Dungeon (3/15)

Altars:
Cheibriados
Fedhas
Hepliaklqana
Yredelemnul


Innate Abilities, Weirdness & Mutations

You are immune to poison.
Your flesh is very heat resistant. (rF++)
You are vulnerable to cold. (rC-)
You float through the air rather than walking.
You learn spells naturally, not from books.
Your magical power is your life essence.
You have superior vitality. (+4 HP)


Message History

No target in view!
An endoplasm is nearby!
You see here 8 gold pieces.
An endoplasm is nearby!
An endoplasm is nearby! 2 orcs and an orc priest come into view.
The orc priest shouts!
The orc shouts!
The endoplasm quivers.
The orc moves out of view.
Unknown command.
The endoplasm freezes you.
You are frozen.
You feel a terrible chill!
Casting: Foxfire (safe; 3% risk of failure)
Confirm with . or Enter, or press ? or * to list all spells.
The spell is quite dangerous to cast (12% risk of failure)!
Continue anyway? [Y]es or [N]o only, please.
The spell is quite dangerous to cast (12% risk of failure)!
Continue anyway?
Aiming: Inner Flame (quite dangerous; 12% risk of failure)
Press: ? - help, Shift-Dir - straight line, f - endoplasm
Aim: an endoplasm (chance to affect: 83%)
The endoplasm is filled with an inner flame.
An orc comes into view. It is wielding a +0 club.
The endoplasm freezes you.
You are frozen.
You feel a terrible chill!
The orc priest mumbles some strange prayers to Beogh against you.
Beogh smites you!
Casting: Inner Flame (quite dangerous; 12% risk of failure)
Confirm with . or Enter, or press ? or * to list all spells.
You conjure some foxfire!
The endoplasm hits you.
* * * LOW HITPOINT WARNING * * *
Unknown command.
You hit the endoplasm.
Flame seeps out of the endoplasm.
You freeze the endoplasm.
The endoplasm explodes!
The fiery explosion engulfs you. You resist.
* * * LOW HITPOINT WARNING * * *
The fiery explosion engulfs your foxfire.
Your foxfire completely resists.
You are engulfed in blazing flames.
You resist.
You die...

#########.#
#..........
#..........
#######....###...
.......?..## ####
#########.### #
..# #...#########
#v# #.#..........
#@####.#.#########
#v○......#........
#§§§oo............
#>####.###.#######
#......$.......#
#..###(###.###.#
#.. #.# #.# #..#
#$# #o# #. #.# #o#


You could see an orc priest and an orc.

Vanquished Creatures
  4 gnolls (D:3)
  2 adders (D:2)
  A worm (D:2)
  An orc (D:3)
  4 ball pythons
  A bat (D:2)
  2 endoplasms (D:3)
  4 giant cockroaches
  A goblin (D:1)
  6 hobgoblins (D:2)
  3 jackals (D:2)
  3 quokkas (D:2)
  4 frilled lizards
  7 kobolds
  4 rats
  A spectral kobold (D:2)
48 creatures vanquished.

Vanquished Creatures (others)
  170 foxfires
170 creatures vanquished.

Grand Total: 218 creatures vanquished

Notes
Turn   | Place    | Note
-------+----------+-------------------------------------------
     0 | D:1      | Aviak the Djinni Fire Elementalist began the quest for the
                  | Orb.
     0 | D:1      | Reached XP level 1. HP: 15/15 MP: 0/0
   433 | D:1      | Reached XP level 2. HP: 15/22 MP: 0/0
  1030 | D:2      | Reached skill level 1 in Fighting
  1598 | D:2      | Reached XP level 3. HP: 22/27 MP: 0/0
  1598 | D:2      | Learned a level 1 spell: Freeze
  2511 | D:2      | Reached XP level 4. HP: 33/33 MP: 0/0
  2673 | D:2      | Found a hazy altar of Hepliaklqana.
  2854 | D:3      | Found a snail-covered altar of Cheibriados.
  3080 | D:3      | Found a basalt altar of Yredelemnul.
  3085 | D:3      | Found a blossoming altar of Fedhas.
  3275 | D:3      | Engulfed by a cloud of flame

Illustrated notes

Levels and vault maps discovered:
D:1:      mainiacjoe_arrival_reflecting_pool, layout_basic
D:2:      kennysheep_six_static_rooms, layout_loops_corners,
          nicolae_hepliaklqana_monster_ancestors, grunt_ministairs_7
D:3:      layout_loops_ring, nicolae_overflow_crystal_walls,
          grunt_temple_overflow_open, feat_on_display

Skill      XL: |  1  2  3  4 |
---------------+-------------+-----
Fighting       | 1 2 |  2.3
Spellcasting   | 3 |  3.4
Dodging        | 3 |  3.5
Stealth        | |  1.5

Action                   |  1- 3 |  4- 6 || total
-------------------------+-------+-------++-------
Melee: Unarmed           |     1 |       ||     1
       Dagger            |    32 |     1 ||    33
       Club              |       |     4 ||     4
 Cast: Foxfire           |    93 |    13 ||   106
       Inner Flame       |       |     3 ||     3
       Conjure Flame     |       |     1 ||     1
       Freeze            |       |     1 ||     1
 Stab: Sleeping          |     1 |     2 ||     3
Armor: Robe              |    17 |       ||    17
Dodge: Dodged            |    21 |     2 ||    23

Table legend: (Time is in decaauts)
 A = Elapsed time spent in this place.
 B = Non-inter-level travel time spent in this place.
 C = Inter-level travel time spent in this place.
 D = Time resting spent in this place.
 E = Time spent auto-exploring this place.
 F = Levels seen in this place.
 G = Mean time per level.
                   A        B        C        D        E       F      G
               +--------+--------+--------+--------+--------+-----+--------+
         Total |   3274 |   3225 |     49 |      0 |   2909 |   3 | 1091.3 |
       Dungeon |   3274 |   3225 |     49 |      0 |   2909 |   3 | 1091.3 |
               +--------+--------+--------+--------+--------+-----+--------+

Top non-repeatable levels by time:
     D:2: 1948 daAuts
     D:1: 899 daAuts
     D:3: 426 daAuts
